 Dungeon Crawl Stone Soup version 0.30-a0-639-g3916f1956a (webtiles) character file.

Game seed: 1209826411675631214

2174 NinjaNoafa the Destroyer (level 9, -9/61 (65) HPs)
             Began as a Gnoll Conjurer on Jan 15, 2023.
             Was a Follower of Cheibriados.
             Mangled by a wight
             ... wielding a +3 halberd
              (14 damage)
             ... on level 7 of the Dungeon.
             The game lasted 00:25:33 (7967 turns).

NinjaNoafa the Destroyer (Gnoll Conjurer)           Turns: 7967, Time: 00:25:34

HP:   -9/61 (65)    AC: 10    Str:  6 (9)  XL:     9   Next: 32%
MP:   0/19          EV: 14    Int: 24 (25) God:    Cheibriados [*.....]
Gold: 138           SH:  0    Dex: 11 (14) Spells: 0/21 levels left

rFire   . . .      SeeInvis .    a - staff of conjuration
rCold   + . .      Faith    .    (no shield)
rNeg    . . .      Spirit   +    t - +0 robe
rPois   .          Reflect  .    l - +0 helmet
rElec   .          Harm     .    x - +2 cloak {rCorr}
rCorr   +          Rampage  .    g - +0 pair of gloves
Will    .....                    v - +1 pair of boots
Stlth   +++                      r - amulet of guardian spirit
HPRegen 0.30/turn                e - ring of protection from cold
MPRegen 0.16/turn                (no ring)

@: drained, very slow
A: fangs 1, strong nose, distributed training
a: Renounce Religion, Bend Time


You were on level 7 of the Dungeon.
You worshipped Cheibriados.
Cheibriados was aware of your devotion.
You visited 2 branches of the dungeon, and saw 8 of its levels.

You collected 338 gold pieces.
You spent 200 gold pieces at shops.

Inventory:

Hand Weapons
 b - the +11 dagger of Midnight {holy, *Rage +Blink rN+ MP+9}
   (You found it on level 3 of the Dungeon)

   rN:        It protects you from negative energy.
   MP:        It affects your magic capacity (+9).
   +Blink:    It lets you blink.
   *Rage:     It berserks you when you make melee attacks (+20% chance).
Missiles
 o - 9 boomerangs
 K - 6 poisoned darts
Armour
 g - a +0 pair of gloves (worn)
 l - a +0 helmet (worn)
 t - a +0 robe (worn)
 v - a +1 pair of boots (worn)
 x - a +2 cloak of preservation (worn)
 D - a +0 kite shield
Magical Staves
 a - a staff of conjuration (weapon)
Jewellery
 e - a ring of protection from cold (left hand)
 j - a ring of fire
 r - an amulet of guardian spirit (around neck)
Wands
 A - a wand of mindburst (15)
 B - a wand of light (6)
 I - a wand of roots (5)
Scrolls
 c - 3 scrolls of vulnerability
 d - 3 scrolls of teleportation
 h - 2 scrolls of magic mapping {unknown}
 k - a scroll of blinking {unknown}
 m - 2 scrolls of fear
 p - a scroll of enchant armour {unknown}
 q - 2 scrolls of enchant weapon
 y - 2 scrolls of fog
 E - a scroll of brand weapon {unknown}
 F - a scroll of immolation {unknown}
Potions
 f - a potion of might {unknown}
 i - 2 potions of attraction
 n - 2 potions of flight
 s - a potion of brilliance {unknown}
 u - a potion of invisibility {unknown}
 w - 2 potions of magic
 z - 3 potions of resistance
 C - a potion of lignification
 H - a potion of degeneration


   Skills:
 + Level 4.3 Fighting
 + Level 4.3 Short Blades
 + Level 4.3 Long Blades
 + Level 4.3 Axes
 + Level 4.3 Maces & Flails
 + Level 4.3 Polearms
 + Level 4.3 Staves
 + Level 4.3 Ranged Weapons
 + Level 4.3 Throwing
 + Level 4.3 Armour
 + Level 6.3 Dodging
 + Level 6.1 Stealth
 + Level 4.3 Shields
 + Level 4.3 Unarmed Combat
 + Level 6.6 Spellcasting
 + Level 8.0 Conjurations
 + Level 3.5 Hexes
 + Level 3.5 Summonings
 + Level 3.5 Necromancy
 + Level 3.5 Translocations
 + Level 3.5 Transmutations
 + Level 3.5 Fire Magic
 + Level 3.5 Ice Magic
 + Level 3.5 Air Magic
 + Level 3.5 Earth Magic
 + Level 3.5 Poison Magic
 + Level 4.7 Invocations
 + Level 4.3 Evocations


You couldn't memorise any spells.
You knew the following spells:

 Your Spells              Type           Power      Damage    Failure   Level
a - Magic Dart            Conj           100%       1d8       1%          1
b - Searing Ray           Conj           100%       2d8       1%          2
c - Dazzling Flash        Conj/Hex       100%       N/A       1%          3
d - Shock                 Conj/Air       100%       1d9       1%          1
e - Wereblood             Tmut           25%        N/A       2%          2
f - Tukima's Dance        Hex            25%        N/A       5%          3
g - Iskenderun's Battles  Conj           63%        2d11      8%          5
h - Iskenderun's Mystic   Conj/Tloc      52%        2d11      7%          4

Your spell library contained the following spells:

 Spells                   Type           Power      Damage    Failure   Level
 Beastly Appendage        Tmut           50%        N/A       1%          1
 Gell's Gravitas          Tloc           25%        N/A       5%          3
 Portal Projectile        Hex/Tloc       50%        N/A       5%          3
 Spider Form              Tmut/Pois      25%        N/A       5%          3
 Swiftness                Air            25%        N/A       5%          3
 Teleport Other           Tloc           25%        N/A       5%          3
 Fulminant Prism          Conj/Hex       26%        3d14      7%          4
 Airstrike                Air            12%        2d(2-18)  17%         4
 Fireball                 Conj/Fire      26%        3d12      19%         5
 Blade Hands              Tmut           12%        N/A       43%         5
 Conjure Ball Lightning   Conj/Air       26%        3x3d7     71%         6
 Orb of Destruction       Conj           31%        9d10      93%         7
 Dispersal                Tloc           12%        N/A       95%         6


Dungeon Overview and Level Annotations

Branches:
Dungeon (7/15)             Temple (1/1) D:5

Altars:
Ashenzari
Cheibriados
Dithmenos
Elyvilon
Fedhas
Gozag
Kikubaaqudgha
Makhleb
Okawaru
Ru
Sif Muna
Trog
Vehumet
Wu Jian
Yredelemnul
Zin
The Shining One

Shops:
D:4 *   D:6 *

Annotations:
D:5 2 transporters, olddryhag's ghost, novice DsGl


Innate Abilities, Weirdness & Mutations

You have very sharp teeth.
Your uncanny sense of smell can sniff out nearby items.
Your experience applies equally to all skills.


Message History

Your +4 spear of freezing hits the wight from afar!
The wight hits you with a +5 long sword.
You feel drained. The wight misses you.
You hear some strange, mumbled words.
You are confused.
The wight hits you but does no damage.
Okay, then.
You are too confused!
Unknown command.
The orc priest hits you but does no damage.
The orc barely misses you. The wight closely misses you.
The wight hits you with a +5 long sword.
The wight barely misses you.
The orc wizard hits you but does no damage.
Something hits you but does no damage.
Your +4 spear of freezing hits the wight from afar.
Your magical contamination has completely faded away.
In your confused state, you trip and fall back down the stairs.
The orc priest hits you with a +0 whip.
The orc priest hits you but does no damage.
The wight barely misses you. x2; The wight hits you but does no damage.
The orc wizard hits you but does no damage.
Something hits you but does no damage.
Your +4 spear of freezing hits the wight but does no damage.
Okay, then.
You are too confused!
It was a potion of curing.
You feel better. The orc priest hits you with a +0 whip.
The orc wizard barely misses you. The orc barely misses you.
The orc priest miscasts a cantrip.
The orc wizard points at you and mumbles some strange words.
The magic dart hits you but does no damage.
The wight hits you with a +5 long sword!
* * * LOW HITPOINT WARNING * * *
You feel drained.
* * * LOW HITPOINT WARNING * * *
Something hits you.
* * * LOW HITPOINT WARNING * * *
The wight hits you from afar with a +3 halberd!
You die...

...............
...............
#.?...........
#.............
.......(...#
..oz.z*.#
#o{....#
#o@o...#
#zoo...#
..Jn.......
..........##.
............#
..............
...........#".#
..........##...


You could see a necrophage, a jelly, 3 wights, 2 orc priests, 2 orc wizards, 2
orcs, a friendly +4 spear of freezing and a friendly battlesphere.

Vanquished Creatures
  The ghost of bande the Shield-Bearer, an amateur GrFi (D:4)
  Duvessa (D:4)
  2 ice beasts (D:6)
  A black bear (D:4)
  2 orc warriors (D:5)
  An ogre (D:4)
  A centaur (D:5)
  2 phantoms (D:6)
  A necrophage (D:5)
  2 scorpions (D:6)
  4 wights
  Dowan (D:4)
  5 hounds
  4 jellies
  Crazy Yiuf (D:5)
  2 orc priests
  2 iguanas
  Ijyb (D:5)
  4 orc wizards
  4 gnolls (D:4)
  8 adders
  2 white imps
  2 ufetubi
  2 worms
  3 dart slugs
  16 orcs
  2 bats
  5 endoplasms
  A giant cockroach (D:1)
  2 hobgoblins
  4 jackals
  8 kobolds
  3 quokkas
  5 ball pythons
  2 frilled lizards
  6 goblins
  4 rats
117 creatures vanquished.

Vanquished Creatures (collateral kills)
  An orc (D:4)
1 creature vanquished.

Vanquished Creatures (others)
  A dancing weapon (D:4)
1 creature vanquished.

Grand Total: 119 creatures vanquished

Notes
Turn   | Place    | Note
-------+----------+-------------------------------------------
     0 | D:1      | NinjaNoafa the Gnoll Conjurer began the quest for the Orb.
     0 | D:1      | Reached XP level 1. HP: 13/13 MP: 6/6
   331 | D:1      | Reached XP level 2. HP: 19/19 MP: 5/7
   718 | D:2      | Learned a level 2 spell: Searing Ray
  1407 | D:2      | Reached skill level 5 in Spellcasting
  1407 | D:2      | Reached XP level 3. HP: 25/25 MP: 4/9
  1901 | D:3      | Learned a level 3 spell: Dazzling Flash
  1973 | D:3      | Reached skill level 1 in Invocations
  2110 | D:3      | Reached skill level 1 in Fighting
  2110 | D:3      | Reached skill level 1 in Short Blades
  2110 | D:3      | Reached skill level 1 in Long Blades
  2110 | D:3      | Reached skill level 1 in Axes
  2110 | D:3      | Reached skill level 1 in Maces & Flails
  2110 | D:3      | Reached skill level 1 in Polearms
  2110 | D:3      | Reached skill level 1 in Staves
  2110 | D:3      | Reached skill level 1 in Ranged Weapons
  2110 | D:3      | Reached skill level 1 in Throwing
  2110 | D:3      | Reached skill level 1 in Armour
  2110 | D:3      | Reached skill level 1 in Shields
  2110 | D:3      | Reached skill level 1 in Unarmed Combat
  2110 | D:3      | Reached skill level 1 in Evocations
  2151 | D:3      | Identified the +11 dagger of Midnight {holy, *Rage +Blink
                  | rN+ MP+9}
  2481 | D:3      | Reached XP level 4. HP: 27/32 MP: 1/11
  2722 | D:4      | Reached skill level 1 in Hexes
  2722 | D:4      | Reached skill level 1 in Summonings
  2722 | D:4      | Reached skill level 1 in Necromancy
  2722 | D:4      | Reached skill level 1 in Translocations
  2722 | D:4      | Reached skill level 1 in Transmutations
  2722 | D:4      | Reached skill level 1 in Fire Magic
  2722 | D:4      | Reached skill level 1 in Ice Magic
  2722 | D:4      | Reached skill level 1 in Air Magic
  2722 | D:4      | Reached skill level 1 in Earth Magic
  2722 | D:4      | Reached skill level 1 in Poison Magic
  2752 | D:4      | Found a transporter.
  2772 | D:4      | Reached XP level 5. HP: 37/37 MP: 2/12
  2790 | D:4      | Noticed bande's ghost (amateur GrFi)
  2868 | D:4      | Found a transporter.
  2912 | D:4      | Noticed Dowan
  2913 | D:4      | Noticed Duvessa
  3118 | D:4      | Noticed a black bear
  3127 | D:4      | Killed a black bear
  3128 | D:4      | Reached XP level 6. HP: 34/44 MP: 4/14
  3209 | D:4      | Found Xagemp's General Store.
  3212 | D:4      | Bought a scroll of identify for 26 gold pieces
  3229 | D:4      | Reached skill level 5 in Dodging
  3521 | D:4      | Killed Dowan
  3610 | D:4      | HP: 1/44 [Duvessa/+0 short sword (19)]
  3708 | D:4      | Reached XP level 7. HP: 50/50 MP: 8/15
  4176 | D:4      | Killed Duvessa
  4177 | D:4      | Reached skill level 5 in Stealth
  4395 | D:5      | Entered Level 5 of the Dungeon
  4423 | D:4      | Bought a potion of haste for 130 gold pieces
  4508 | D:5      | HP: 1/51 [centaur/arrow (12)]
  4765 | D:5      | Found a staircase to the Ecumenical Temple.
  4921 | D:5      | Reached XP level 8. HP: 53/58 MP: 15/16
  4940 | D:5      | Learned a level 1 spell: Shock
  4963 | Temple   | Entered the Ecumenical Temple
  5049 | Temple   | Became a worshipper of Cheibriados the Contemplative
  5190 | D:5      | Found a transporter.
  5192 | D:5      | Noticed olddryhag's ghost (novice DsGl)
  5224 | D:5      | Learned a level 2 spell: Wereblood
  5282 | D:5      | Found a runed translucent door.
  5283 | D:5      | Noticed Crazy Yiuf
  5360 | D:5      | Noticed Ijyb
  5378 | D:5      | Killed Ijyb
  5792 | D:5      | Found a transporter.
  6095 | D:5      | Learned a level 3 spell: Tukima's Dance
  6102 | D:5      | Killed Crazy Yiuf
  6293 | D:4      | Killed bande's ghost
  6458 | D:6      | Found Runigr Gure's General Store.
  6461 | D:6      | Bought a scroll of fog for 44 gold pieces
  6823 | D:6      | Reached * piety under Cheibriados
  6831 | D:6      | Reached XP level 9. HP: 42/65 MP: 0/18
  6952 | D:6      | Learned a level 5 spell: Iskenderun's Battlesphere
  7259 | D:6      | Reached skill level 8 in Conjurations
  7611 | D:6      | Learned a level 4 spell: Iskenderun's Mystic Blast
  7967 | D:7      | Mangled by a wight

Illustrated notes

Levels and vault maps discovered:
D:1:      minmay_arrival_plants_in_alcoves, layout_basic
D:2:      layout_basic, nicolae_eternal_life
D:3:      layout_loops_cross, minmay_fractal_squares_5
D:4:      layout_basic, gammafunk_ghost_arena, serial_shops,
          nicolae_shop_behind_doors, uniq_duvessa
D:5:      layout_cave_pods, minmay_temple_entry_trees,
          gammafunk_ghost_mausoleum, sword_in_stone, uniq_ijyb,
          uniq_crazy_yiuf_cottage
D:6:      layout_gridville, serial_shops, nicolae_shop_behind_doors,
          st_stairs_5, nicolae_concentric_dashed_squares_wild, minivault_26
D:7:      layout_cave_pools, nicolae_shop_i_like_big_books, serial_bayou_ford_a,
          amcnicky_mini_pool_small, nicolae_water_bricks,
          lightli_church_of_beogh
Temple:   sentei_temple_godly_chess

Skill      XL: |  1  2  3  4  5  6  7  8  9 |
---------------+----------------------------+-----
Spellcasting   | 5 6 |  6.6
Invocations    | 1 2 3 4 |  4.7
Fighting       | 1 2 3 4 |  4.3
Short Blades   | 1 2 3 4 |  4.3
Long Blades    | 1 2 3 4 |  4.3
Axes           | 1 2 3 4 |  4.3
Maces & Flails | 1 2 3 4 |  4.3
Polearms       | 1 2 3 4 |  4.3
Staves         | 1 2 3 4 |  4.3
Ranged Weapons | 1 2 3 4 |  4.3
Throwing       | 1 2 3 4 |  4.3
Armour         | 1 2 3 4 |  4.3
Shields        | 1 2 3 4 |  4.3
Unarmed Combat | 1 2 3 4 |  4.3
Evocations     | 1 2 3 4 |  4.3
Hexes          | 1 2 3 |  3.5
Summonings     | 1 2 3 |  3.5
Necromancy     | 1 2 3 |  3.5
Translocations | 1 2 3 |  3.5
Transmutations | 1 2 3 |  3.5
Fire Magic     | 1 2 3 |  3.5
Ice Magic      | 1 2 3 |  3.5
Air Magic      | 1 2 3 |  3.5
Earth Magic    | 1 2 3 |  3.5
Poison Magic   | 1 2 3 |  3.5
Dodging        | 5 6 |  6.3
Stealth        | 5 6 |  6.1
Conjurations   | 8 |  8.0

Action                   |  1- 3 |  4- 6 |  7- 9 || total
-------------------------+-------+-------+-------++-------
Melee: Staff             |     3 |     2 |    29 ||    34
       Dagger            |       |       |    39 ||    39
       Bite              |       |       |    10 ||    10
       Punch             |       |       |     2 ||     2
 Cast: Magic Dart        |    79 |    64 |    59 ||   202
       Searing Ray       |     1 |    11 |    16 ||    28
       Dazzling Flash    |     1 |     3 |    10 ||    14
       Shock             |       |       |    14 ||    14
       Wereblood         |       |       |     3 ||     3
       Tukima's Dance    |       |       |     3 ||     3
       Iskenderun's Batt |       |       |     8 ||     8
       Iskenderun's Myst |       |       |     2 ||     2
Evoke: Wand              |       |       |     2 ||     2
  Use: Scroll            |       |     6 |     4 ||    10
       Potion            |       |     3 |     8 ||    11
 Stab: Invisible         |       |       |     2 ||     2
Armor: Robe              |     5 |    10 |    60 ||    75
       Skin              |       |       |     6 ||     6
Dodge: Dodged            |    12 |    19 |   131 ||   162

Table legend: (Time is in decaauts)
 A = Elapsed time spent in this place.
 B = Non-inter-level travel time spent in this place.
 C = Inter-level travel time spent in this place.
 D = Time resting spent in this place.
 E = Time spent auto-exploring this place.
 F = Levels seen in this place.
 G = Mean time per level.
                   A        B        C        D        E       F      G
               +--------+--------+--------+--------+--------+-----+--------+
         Total |   8393 |   7898 |    495 |    179 |   6705 |   8 | 1049.1 |
       Dungeon |   8295 |   7811 |    484 |    179 |   6626 |   7 | 1185.0 |
        Temple |     97 |     86 |     11 |      0 |     79 |   1 |   97.0 |
               +--------+--------+--------+--------+--------+-----+--------+

Top non-repeatable levels by time:
     D:5: 1887 daAuts
     D:6: 1719 daAuts
     D:4: 1519 daAuts
     D:3: 1517 daAuts
     D:2: 989 daAuts
     D:1: 647 daAuts
  Temple: 97 daAuts
     D:7: 15 daAuts
